 Dungeon Crawl Stone Soup version 0.30-a0-1016-gfb0d676c02 (webtiles) character file.

Game seed: 16615745376093026660

5184 ThatPearl the Cleaver (level 10, -6/94 HPs)
             Began as a Hill Orc Monk on Apr 7, 2023.
             Was a Believer of Beogh.
             Mangled by a skeletal warrior
             ... wielding a +0 flail
              (19 damage)
             ... on level 10 of the Dungeon.
             The game lasted 00:19:24 (8507 turns).

ThatPearl the Cleaver (Hill Orc Monk)               Turns: 8507, Time: 00:19:25

Health: -6/94      AC: 14    Str: 19    XL:     10   Next: 60%
Magic:  2/15       EV: 11    Int: 10    God:    Beogh [**....]
Gold:   531        SH:  0    Dex: 13    Spells: 9/9 levels left

rFire   . . .      SeeInvis .    C - +1 war axe (freeze)
rCold   + . .      Faith    .    (no shield)
rNeg    . . .      Spirit   .    e - +0 ring mail
rPois   .          Reflect  .    I - +0 helmet
rElec   .          Rampage  .    o - +0 cloak
rCorr   .                        (no gloves)
Will    .....                    F - +0 pair of boots
Stlth   +                        (no amulet)
HPRegen 0.35/turn                f - ring of protection from cold
MPRegen 0.14/turn                g - +4 ring of protection

@: no status effects
A: no striking features
a: Renounce Religion, Smiting


You were on level 10 of the Dungeon.
You worshipped Beogh.
Beogh was pleased with you.
You visited 1 branch of the dungeon, and saw 10 of its levels.

You collected 531 gold pieces.

Inventory:

Hand Weapons
 j - a +0 trident of venom
 r - the +0 whip "Egosk" {flame, *Corrode rElec rF+}
   (You found it on level 3 of the Dungeon)

   rF:        It protects you from fire.
   rElec:     It insulates you from electricity.
   *Corrode:  It may corrode you when you take damage.
 C - a +1 war axe of freezing (weapon)
 M - a +4 sling
 T - a +0 battleaxe
Missiles
 i - 77 stones
 l - 6 javelins (quivered)
 H - a throwing net
 R - 16 poisoned darts
Armour
 e - a +0 ring mail (worn)
 o - a +0 cloak (worn)
 F - a +0 pair of boots (worn)
 I - a +0 helmet (worn)
 L - a +0 buckler
 P - a +0 helmet
Jewellery
 f - a ring of protection from cold (left hand)
 g - a +4 ring of protection (right hand)
 O - a +6 ring of intelligence
Wands
 w - a wand of quicksilver (6)
 y - a wand of polymorph (18)
 D - a wand of charming (9)
Scrolls
 h - 8 scrolls of identify {unknown}
 n - a scroll of silence {unknown}
 p - 2 scrolls of blinking {unknown}
 s - a scroll of poison {unknown}
 t - a scroll of enchant armour {unknown}
 u - a scroll of magic mapping {unknown}
 x - a scroll of teleportation {unknown}
 B - 3 scrolls of amnesia {unknown}
 E - a scroll of noise {unknown}
 G - a scroll of brand weapon {unknown}
 K - 2 scrolls of fog {unknown}
Potions
 b - 3 potions of degeneration {unknown}
 c - a potion of ambrosia
 d - 3 potions of flight {unknown}
 m - a potion of mutation {unknown}
 q - 5 potions of lignification {unknown}
 v - 2 potions of heal wounds
 z - a potion of haste {unknown}
 A - 3 potions of curing {unknown}
 J - a potion of invisibility {unknown}
 N - 2 potions of berserk rage {unknown}
 Q - a potion of brilliance {unknown}
 S - 2 potions of cancellation {unknown}


   Skills:
 + Level 10.4 Fighting
 + Level 13.4 Axes
 + Level 6.7 Armour
 - Level 2.4 Dodging
 - Level 1.5 Stealth
 + Level 7.4 Invocations


You had 9 spell levels left.
You didn't know any spells.
Your spell library contained the following spells:

 Spells                   Type           Power      Damage    Failure   Level
 Sting                    Tmut/Pois      0%         1d3       52%         1
 Poisonous Vapours        Pois/Air       0%         N/A       67%         2
 Inner Flame              Hex/Fire       0%         N/A       88%         3
 Flame Wave               Conj/Fire      0%         2d4       99%         4
 Olgreb's Toxic Radiance  Pois           0%         N/A       99%         4
 Sticky Flame             Conj/Fire      0%         2d3       99%         4


Dungeon Overview and Level Annotations

Branches:
Dungeon (10/15)            Temple (0/1) D:7
   Lair: D:8-11         Orc: D:9-12

Altars:
Cheibriados
Elyvilon
Fedhas
Gozag
Hepliaklqana
Ru
Trog
Uskayaw
Vehumet
Xom
Yredelemnul


Message History

Your orc knight roars a battlecry!
Your orc wizard goes into a battle-frenzy!
You barely miss the skeletal warrior.
The skeletal warrior is almost destroyed.
The skeletal warrior completely misses you.
A skeletal warrior comes into view. It is wielding a +0 flail.
You swap places.
Your orc knight hits the skeletal warrior with a +0 hand axe.
The skeletal warrior is destroyed!
Beogh accepts your kill.
Your orc knight looks more experienced.
A skeletal warrior comes into view. It is wielding a +0 dire flail.
Your orc knight hits the skeletal warrior but does no damage.
The skeletal warrior hits your orc knight with a +0 flail!
Aiming: Smiting
Press: ? - help, Dir - move target, f - skeletal warrior Smite: a skeletal warrior, wielding a +0 flail (ally target)
You smite the skeletal warrior!
The skeletal warrior is moderately damaged.
Your orc knight closely misses the skeletal warrior.
Your orc knight hits the skeletal warrior but does no damage.
The skeletal warrior barely misses your orc knight.
The skeletal warrior hits your orc knight with a +0 dire flail!
You don't have enough magic at the moment.
Unknown command.
You don't have enough magic at the moment.
You swap places.
The skeletal warrior hits you with a +0 flail!!
* * * LOW HITPOINT WARNING * * *
The skeletal warrior hits you but does no damage.
Things that are here:
a +0 mace; a +0 mace You slash the skeletal warrior!
You freeze the skeletal warrior.
The skeletal warrior is moderately damaged.
You hit the skeletal warrior but do no damage.
You hit the skeletal warrior but do no damage.
The skeletal warrior is moderately damaged.
You barely miss the skeletal warrior.
The skeletal warrior hits you with a +0 flail!!
You die...

.# ##.# #... #
#.. #.#..
#.#.####.#
#..zz....# #@#
#o# #o# #.#
#.# ## #.#
..#####.######
#............#
#............#


You could see 2 skeletal warriors, a friendly orc knight and a friendly orc
wizard (strong, invisible).

Vanquished Creatures
  A skeletal warrior (D:10)
  2 hornets (D:9)
  A wraith (D:7)
  3 wyverns
  A vampire (D:9)
  2 water moccasins
  An ice beast (D:7)
  A black bear (D:4)
  An ogre (D:4)
  3 centaurs
  3 phantoms
  A kobold brigand (D:8)
  4 bullfrogs
  4 scorpions
  9 wights
  4 killer bees (D:7)
  2 jellies
  Crazy Yiuf (D:3)
  A gnoll bouda (D:6)
  2 orc priests (D:7)
  3 hounds
  An iguana (D:6)
  Terence (D:2)
  3 orc wizards
  A sleepcap (D:7)
  Robin (D:3)
  4 gnolls (D:6)
  6 adders
  A white imp (D:5)
  2 ufetubi
  A worm (D:3)
  A dart slug (D:4)
  17 orcs
  3 endoplasms
  4 giant cockroaches
  14 goblins
  5 hobgoblins
  6 jackals
  5 quokkas
  10 ball pythons
  7 bats
  2 frilled lizards (D:2)
  11 kobolds
  5 rats
161 creatures vanquished.

Vanquished Creatures (collateral kills)
  A skeletal warrior (D:10)
  A black bear (D:8)
  A bullfrog (D:8)
  5 wights (D:9)
  An orc priest (D:8)
  2 orcs (D:9)
11 creatures vanquished.

Vanquished Creatures (others)
  4 orcs
4 creatures vanquished.

Grand Total: 176 creatures vanquished

Notes
Turn   | Place    | Note
-------+----------+-------------------------------------------
     0 | D:1      | ThatPearl the Hill Orc Monk began the quest for the Orb.
     0 | D:1      | Reached XP level 1. HP: 19/19 MP: 1/1
   422 | D:1      | Reached XP level 2. HP: 27/27 MP: 2/2
   772 | D:2      | Reached skill level 5 in Axes
   784 | D:2      | Found an opulent altar of Gozag.
   824 | D:2      | Reached XP level 3. HP: 33/33 MP: 3/3
   847 | D:2      | Noticed Terence
   854 | D:2      | Killed Terence
   901 | D:2      | Reached XP level 4. HP: 41/41 MP: 4/4
  1537 | D:3      | Identified the +0 whip "Egosk" {flame, *Corrode rElec rF+}
  1583 | D:3      | Reached skill level 6 in Axes
  1595 | D:3      | Found a radiant altar of Vehumet.
  2194 | D:3      | Found a hide-covered altar of Uskayaw.
  2218 | D:3      | Noticed Robin
  2247 | D:3      | Killed Robin
  2248 | D:3      | Reached XP level 5. HP: 45/47 MP: 5/5
  2356 | D:3      | Found a runed translucent door.
  2357 | D:3      | Noticed Crazy Yiuf
  2366 | D:3      | Killed Crazy Yiuf
  2367 | D:3      | Reached skill level 5 in Fighting
  2972 | D:4      | Reached skill level 7 in Axes
  3115 | D:4      | Noticed a black bear
  3121 | D:4      | Killed a black bear
  3122 | D:4      | Reached XP level 6. HP: 53/56 MP: 6/6
  3258 | D:4      | Reached skill level 8 in Axes
  3419 | D:4      | Found a bloodstained altar of Trog.
  3657 | D:5      | Entered Level 5 of the Dungeon
  3694 | D:5      | Reached XP level 7. HP: 27/63 MP: 7/7
  3969 | D:5      | Became a worshipper of Beogh the Brigand
  3969 | D:5      | Reached * piety under Beogh
  3969 | D:5      | Reached ** piety under Beogh
  4023 | D:5      | Reached skill level 9 in Axes
  4445 | D:6      | Noticed a wyvern
  4448 | D:6      | Killed a wyvern
  4464 | D:6      | Reached skill level 10 in Axes
  4464 | D:6      | Reached XP level 8. HP: 58/71 MP: 8/8
  4638 | D:6      | Found a snail-covered altar of Cheibriados.
  4779 | D:6      | Reached skill level 1 in Armour
  5242 | D:7      | Noticed a wraith
  5258 | D:7      | Killed a wraith
  5259 | D:7      | Reached skill level 11 in Axes
  5371 | D:7      | Found a basalt altar of Yredelemnul.
  5461 | D:7      | Found a white marble altar of Elyvilon.
  5540 | D:7      | Reached skill level 1 in Invocations
  5604 | D:7      | Reached XP level 9. HP: 43/81 MP: 9/11
  5827 | D:7      | Reached *** piety under Beogh
  6031 | D:7      | Found a staircase to the Ecumenical Temple.
  6088 | D:7      | Found a blossoming altar of Fedhas.
  6180 | D:7      | Reached skill level 12 in Axes
  6456 | D:7      | Found a shimmering altar of Xom.
  7123 | D:8      | Found a hazy altar of Hepliaklqana.
  7176 | D:8      | Reached skill level 5 in Invocations
  7229 | D:8      | Reached skill level 5 in Armour
  7407 | D:8      | Found a sacrificial altar of Ru.
  7447 | D:9      | Noticed a hornet
  7671 | D:9      | Reached XP level 10. HP: 48/91 MP: 14/14
  7685 | D:9      | Reached skill level 13 in Axes
  8430 | D:9      | Reached skill level 10 in Fighting
  8458 | D:10     | Entered Level 10 of the Dungeon
  8481 | D:10     | Noticed a skeletal warrior
  8483 | D:10     | Noticed a skeletal warrior
  8492 | D:10     | Killed a skeletal warrior
  8500 | D:10     | Noticed a skeletal warrior
  8501 | D:10     | Killed a skeletal warrior
  8501 | D:10     | Noticed a skeletal warrior
  8507 | D:10     | Mangled by a skeletal warrior

Illustrated notes

Levels and vault maps discovered:
D:1:      minmay_arrival_cross, layout_loops_ring,
          amcnicky_mini_corridor_feature
D:2:      layout_basic, basic_altar, corexii_corridor_pit, uniq_terence
D:3:      layout_basic, nicolae_vehumet_altar_sigil,
          mainiacjoe_overflow_small_starburst, uniq_crazy_yiuf_cottage,
          uniq_robin
D:4:      layout_basic, mainiacjoe_overflow_alcove_2
D:5:      layout_rooms
D:6:      layout_basic, amcnicky_altar_gilded, kennysheep_flooded_box,
          hangedman_decor_clover_reticule
D:7:      kb_forest_paths, layout_basic, kennysheep_ying_yang, kennysheep_mini,
          fedhas_ov_isle_minmay, minmay_temple_entry_overgrown
D:8:      layout_loops_corners, nicolae_ru_path_of_blood,
          mainiacjoe_overflow_boulevard
D:9:      layout_rooms, serial_co_window_serial, co_window_of_opportunity_a,
          co_window_paths_a, co_window_of_opportunity_a, co_window_cross_1,
          co_window_of_opportunity_a, co_window_paths_b,
          co_window_of_opportunity_a, co_window_of_opportunity_c,
          co_window_broadway_a, co_window_of_opportunity_c, co_window_corner_b,
          co_window_2corner, co_window_paths_c, co_window_unsneaky_path_b,
          co_window_4corner_b, co_window_paths_d, glass_columns_b,
          glass_columns_a, glass_columns_a, glass_columns_b, glass_columns_a,
          serial_bayou_pond_d
D:10:     minmay_shrinking_squares, layout_basic, david_orc_1_choice,
          uniq_maurice

Skill      XL: |  1  2  3  4  5  6  7  8  9 10 |
---------------+-------------------------------+-----
Fighting       | 4 5 6 8 9 10 | 10.4
Axes           | 5 6 7 8 10 11 12 13 | 13.4
Armour         | 3 5 6 |  6.7
Invocations    | 2 6 7 |  7.4
Dodging        | |  2.4
Stealth        | |  1.5

Action                     |  1- 3 |  4- 6 |  7- 9 | 10-12 || total
---------------------------+-------+-------+-------+-------++-------
  Melee: Hand axe          |    19 |       |       |       ||    19
         Trident           |    61 |   186 |    17 |       ||   264
         Punch             |     1 |     1 |     5 |       ||     7
         War axe           |       |       |   264 |    28 ||   292
  Throw: Javelin           |       |     2 |       |       ||     2
 Invoke: Convert to Beogh  |       |       |     1 |       ||     1
         Smiting           |       |       |       |     9 ||     9
    Use: Potion            |       |       |     1 |       ||     1
   Stab: Sleeping          |     1 |     2 |     1 |       ||     4
 Armour: Ring mail         |    33 |    90 |   115 |    17 ||   255
         Skin              |       |       |     1 |       ||     1
  Dodge: Dodged            |    52 |    93 |   159 |    17 ||   321

Table legend: (Time is in decaauts)
 A = Elapsed time spent in this place.
 B = Non-inter-level travel time spent in this place.
 C = Inter-level travel time spent in this place.
 D = Time resting spent in this place.
 E = Time spent auto-exploring this place.
 F = Levels seen in this place.
 G = Mean time per level.
                   A        B        C        D        E       F      G
               +--------+--------+--------+--------+--------+-----+--------+
         Total |   8543 |   8221 |    322 |    713 |   5883 |  10 |  854.3 |
       Dungeon |   8543 |   8221 |    322 |    713 |   5883 |  10 |  854.3 |
               +--------+--------+--------+--------+--------+-----+--------+

Top non-repeatable levels by time:
     D:7: 1321 daAuts
     D:3: 1245 daAuts
     D:9: 991 daAuts
     D:8: 942 daAuts
     D:4: 900 daAuts
     D:2: 845 daAuts
     D:5: 794 daAuts
     D:6: 758 daAuts
     D:1: 698 daAuts
    D:10: 44 daAuts
